 Dungeon Crawl Stone Soup version 0.30-b1-2-g02819fbbbe (webtiles) character file.

Game seed: 13330745156197577948

103448 raph the Severer (level 16, -3/144 HPs)
             Began as a Hill Orc Fighter on Dec 28, 2023.
             Was an Elder of Okawaru.
             Killed from afar by a fenstrider witch (10 damage)
             ... with a toxic sludge
             ... while paralysed by a fenstrider witch
             ... on level 1 of the Swamp.
             The game lasted 00:36:57 (26756 turns).

raph the Severer (Hill Orc Fighter)                Turns: 26756, Time: 00:36:58

Health: -3/144     AC: 32    Str: 21    XL:     16   Next: 36%
Magic:  34/34      EV:  2    Int:  8    God:    Okawaru [****..]
Gold:   2053       SH:  0    Dex: 20    Spells: 14/16 levels left

rFire   . . .        a - +3 battleaxe (freeze)
rCold   . . .        (shield currently unavailable)
rNeg    . . .        E - +18 Lear's hauberk
rPois   +            (helmet currently unavailable)
rElec   .            w - +2 cloak
rCorr   .            (gloves currently unavailable)
SInv    +            (boots currently unavailable)
Will    +....        J - amulet of reflection
Stlth   ++           x - ring of poison resistance
HPRegen 0.44/turn    A - ring of the Ladybird {MP+9 Dex+4 SInv Stlth+}
MPRegen 0.24/turn

%: reflection
@: paralysed, lethally poisoned (-3 -> -8), heroic, corroded
A: no striking features
a: Renounce Religion, Heroism, Finesse


You were on level 1 of the Swamp.
You worshipped Okawaru.
Okawaru was greatly pleased with you.
You visited 5 branches of the dungeon, and saw 24 of its levels.
You also visited: Ossuary.

You collected 2874 gold pieces.
You spent 821 gold pieces at shops.

Inventory:

Hand Weapons
 a - a +3 battleaxe of freezing (weapon)
 b - a +4 war axe of flaming
Missiles
 i - 8 boomerangs (quivered)
 B - 2 throwing nets
 O - a datura-tipped dart
 T - 18 poisoned darts
 U - 3 javelins
Armour
 w - a +2 cloak (worn)
 E - the +18 Lear's hauberk (worn)
   (You found it on level 7 of the Dungeon)
Jewellery
 h - a ring of protection from cold
 o - an amulet of guardian spirit
 x - a ring of poison resistance (left hand)
 A - the ring of the Ladybird (right hand) {MP+9 Dex+4 SInv Stlth+}
   (You found it on level 12 of the Dungeon)

   [ring of see invisible]

   Dex:       It affects your dexterity (+4).
   MP:        It affects your magic capacity (+9).
   SInv:      It lets you see invisible.
   Stlth:     It makes you more stealthy.
 J - an amulet of reflection (around neck)
 R - the ring "Zidduop" {rN++ Str+4 Int+6}
   (You took it off a centaur on level 9 of the Dungeon)

   [ring of intelligence]

   Str:       It affects your strength (+4).
   Int:       It affects your intelligence (+6).
   rN:        It greatly protects you from negative energy.
Wands
 p - a wand of mindburst (17)
 u - a wand of flame (7)
 y - a wand of digging (15)
 C - a wand of paralysis (24)
 F - a wand of roots (8)
 L - a wand of polymorph (16)
 V - a wand of acid (9)
Scrolls
 c - 4 scrolls of enchant armour
 j - 8 scrolls of teleportation
 q - 3 scrolls of immolation
 s - 2 scrolls of silence
 G - 2 scrolls of fear
 H - 3 scrolls of magic mapping
 K - 5 scrolls of amnesia
 P - 13 scrolls of identify
 W - a scroll of fog
 Y - 3 scrolls of enchant weapon
 Z - 4 scrolls of blinking
Potions
 d - 3 potions of might
 e - 7 potions of ambrosia
 f - 3 potions of magic
 g - 4 potions of flight
 k - 9 potions of curing
 l - a potion of invisibility
 m - 6 potions of attraction
 r - 2 potions of haste
 t - 3 potions of cancellation
 v - 9 potions of mutation
 z - 2 potions of heal wounds
 D - 3 potions of brilliance
 I - 2 potions of berserk rage
 M - 2 potions of resistance
 X - 2 potions of lignification
Miscellaneous
 n - a condenser vane
 N - a phial of floods


   Skills:
 + Level 13.5(18.5) Fighting
 * Level 19.8(24.8) Axes
 + Level 10.0(15.0) Throwing
 + Level 12.2(17.2) Armour
 + Level 9.1(14.1) Dodging
 - Level 6.6(11.6) Shields
 + Level 0.7 Spellcasting
 * Level 1.3 Translocations
 + Level 13.0 Invocations
 + Level 4.4 Evocations


You had 14 spell levels left.
You knew the following spells:

 Your Spells              Type           Power      Damage    Failure   Level
a - Lesser Beckoning      Tloc           4%         N/A       78%         2

Your spell library contained the following spells:

 Spells                   Type           Power      Damage    Failure   Level
 Magic Dart               Conj           0%         1d3       83%         1
 Shock                    Conj/Air       0%         1d3       83%         1
 Ensorcelled Hibernation  Hex/Ice        0%         N/A       92%         2
 Searing Ray              Conj           0%         2d4       92%         2
 Gell's Gravitas          Tloc           2%         N/A       95%         3
 Teleport Other           Tloc           2%         N/A       95%         3
 Portal Projectile        Hex/Tloc       2%         N/A       98%         3
 Spider Form              Tmut/Pois      0%         N/A       99%         3
 Swiftness                Air            0%         N/A       99%         3
 Airstrike                Air            0%         2d(0-16)  100%        4
 Anguish                  Hex/Necr       0%         N/A       100%        4
 Fulminant Prism          Conj/Hex       0%         3d5       100%        4
 Blade Hands              Tmut           0%         N/A       100%        5
 Irradiate                Conj/Tmut      0%         3d11      100%        5
 Dragon Form              Tmut           0%         N/A       100%        7
 Tukima's Dance           Hex            Unusable   N/A       N/A         3

Dungeon Overview and Level Annotations

Branches:
Dungeon (15/15)            Temple (1/1) D:5            Lair (5/5) D:11
  Swamp (1/4) Lair:2       Spider (0/4) Lair:2        Slime (0/5) Lair:4
    Orc (2/2) D:9             Elf (0/3) Orc:2        Vaults (0/5) D:14
 Depths (0/4) D:15        Ossuary (visited)

Altars:
Ashenzari
Cheibriados
Dithmenos
Elyvilon
Fedhas
Gozag
Hepliaklqana
Kikubaaqudgha
Makhleb
Nemelex Xobeh
Okawaru
Qazlal
Ru
Sif Muna
Trog
Uskayaw
Vehumet
Wu Jian
Xom
Yredelemnul
Zin
The Shining One
Beogh
Jiyva

Shops:
D:3 [   Orc:1 =   Orc:2 :([

Portals:
Trove: D:12 (give 9 potions of haste)

Annotations:
D:4 3 runed translucent doors, Killmatronix's ghost, novice TrWn; diceflayer's ghost, novice DsGl
D:5 1 runed translucent door, NimIero's ghost, amateur FoEE
D:14 3 runed translucent doors, Ytheofip's ghost, journeyman FoFi


Message History

You slice the spriggan rider!!
You kill the spriggan!
Okawaru accepts your kill. Okawaru grants you throwing weapons!
Something appears at your feet!
You hear a splash.
You freeze the hornet!
You kill the hornet!
Okawaru accepts your kill.
You barely miss the fenstrider witch.
The fenstrider witch closely misses you.
The fenstrider witch kicks you but does no damage.
You barely miss the fenstrider witch. The fenstrider witch hits you!
The fenstrider witch misses you.
Your unstable footing causes you to fumble your attack.
The fenstrider witch hits you but does no damage.
The fenstrider witch kicks you.
The fenstrider witch closely misses you.
The fenstrider witch kicks you.
The fenstrider witch points at you and mumbles some strange words.
You suddenly lose the ability to move!
The fenstrider witch casts a spell at you.
Your body is wracked with pain!
* * * LOW HITPOINT WARNING * * *
The fenstrider witch hits you!
* * * LOW HITPOINT WARNING * * *
The fenstrider witch kicks you!
* * * LOW HITPOINT WARNING * * *
The fenstrider witch hits you but does no damage.
The fenstrider witch kicks you.
* * * LOW HITPOINT WARNING * * *
A bog body comes into view.
The fenstrider witch casts a spell at you.
Your body is wracked with pain!
* * * LOW HITPOINT WARNING * * *
The fenstrider witch gestures at you while chanting.
The toxic sludge hits you!
You are poisoned.
You partially resist.
You die...

~ .~~..~~.. ~~~....♣~ .
~~§.~...♣ ♣♣ ~~..~~.♣♣♣
♣♣~♣♣~.~~.♣..♣
♣♣).~.~~~..♣.♣♣ ♣
♣~...H).~.~n... ♣♣
♣♣~..@(.~~..... .♣♣~..
♣~...~†≈≈≈.≈≈≈≈ .~..~.♣
♣...~.≈...≈....
.~~.~~♣..♣♣♣♣...≈...♣.♣..≈
.§....♣....♣...≈.♣.♣♣ ♣ ≈
.~~~~~..~~~.~~≈...♣....≈~≈
.~~~~~..~~§..~≈..♣...♣.≈≈♣
~~~~~.~~....~~≈.♣♣..♣~♣..♣
.§~~~.♣ ~...~~.≈.♣.♣~♣~♣


You could see a fenstrider witch and a bog body (wandering).

Vanquished Creatures
  Kirke (Lair:5)
  An emperor scorpion (D:15)
  2 orc warlords (Orc:2)
  2 eleionomae (Swamp:1)
  A bunyip (Swamp:1)
  A fire dragon (Lair:5)
  Josephine (D:10)
  Harold (Lair:1)
  4 vault guards (D:14)
  13 hydras
  2 ogre magi
  Erica (D:10)
  2 catoblepae
  5 centaur warriors
  An alligator (Swamp:1)
  A tengu warrior (D:13)
  4 boulder beetles
  5 two-headed ogres
  2 orc high priests
  Nergalle (Lair:1)
  Amaemon (Lair:3)
  11 skeletal warriors
  3 goliath frogs (Swamp:1)
  3 skysharks
  2 bog bodies (Swamp:1)
  A deep elf pyromancer (D:12)
  A swamp dragon (Swamp:1)
  A lindwurm (Lair:5)
  6 orc knights
  3 orc sorcerers (Orc:2)
  2 wizards
  A harpy (shapeshifter) (D:14)
  4 cyclopes
  A manticore (D:13)
  3 ugly things
  12 elephants
  A faun (shapeshifter) (D:13)
  6 black mambas
  A torpor snail (Lair:5)
  3 molten gargoyles (Lair:5)
  An orange demon (Lair:3)
  2 gargoyles
  Maggie (D:7)
  An unseen horror zombie (D:10)
  13 cane toads
  A naga mage (D:15)
  4 yaktaurs (D:15)
  2 rime drakes
  A komodo dragon (shapeshifter) (D:14)
  A kobold demonologist (D:11)
  2 tengu conjurers
  3 efreet
  9 komodo dragons
  3 freezing wraiths
  A queen bee (D:12)
  6 meliai
  3 trolls
  19 blink frogs
  A polar bear (Lair:1)
  2 hornets (Swamp:1)
  A meliai (shapeshifter) (D:13)
  A dream sheep (shapeshifter) (D:15)
  A tyrant leech (Swamp:1)
  A wolf spider simulacrum (D:13)
  15 slime creatures
  4 dream sheep (Lair:5)
  4 wyverns
  20 yaks
  6 shadows
  A hog (shapeshifter) (D:13)
  2 spriggans (Swamp:1)
  3 humans
  5 vampires
  8 wraiths
  4 hogs (Lair:5)
  2 steam dragons
  17 vampire mosquitoes
  5 basilisks (Lair:5)
  A swamp worm (Lair:2)
  3 acid dragons
  4 hell hounds (Lair:5)
  7 water moccasins
  A sky beast (D:7)
  5 ice beasts
  27 orc warriors
  3 black bears
  7 ogres
  6 wolves
  17 centaurs
  2 phantoms (D:7)
  A kobold brigand (D:8)
  Blork the orc (Orc:2)
  10 bullfrogs
  2 gnoll sergeants
  3 scorpions
  5 wights
  27 killer bees
  2 electric eels (D:11)
  10 howler monkeys
  3 jellies (D:6)
  5 lava snakes (Lair:5)
  2 hounds
  2 centaur zombies (D:10)
  14 orc priests
  A sleepcap (D:6)
  A gnoll bouda (D:9)
  16 orc wizards
  Terence (D:3)
  An iguana (D:5)
  Natasha (D:2)
  8 mummies (Ossuary)
  A howler monkey zombie (D:10)
  6 adders
  14 gnolls
  4 shadow imps
  2 white imps (D:6)
  3 ufetubi
  A worm (D:4)
  2 dart slugs (D:1)
  49 orcs
  3 endoplasms
  2 giant cockroaches
  A gnoll zombie (Ossuary)
  8 goblins
  4 hobgoblins
  3 jackals
  8 kobolds
  4 quokkas
  5 ball pythons
  9 bats
  3 frilled lizards (D:1)
  2 hobgoblin zombies (Ossuary)
  2 kobold zombies (Ossuary)
  3 orc zombies (Ossuary)
  2 rats (D:1)
633 creatures vanquished.

Vanquished Creatures (others)
  An ugly thing (D:9)
  A tengu conjurer (D:13)
  2 bloated husks (Swamp:1)
  A swamp worm (Swamp:1)
  20 fungi
  21 plants
  6 withered plants (D:10)
52 creatures vanquished.

Grand Total: 685 creatures vanquished

Notes
Turn   | Place    | Note
-------+----------+-------------------------------------------
     0 | D:1      | raph the Hill Orc Fighter began the quest for the Orb.
     0 | D:1      | Reached XP level 1. HP: 19/19 MP: 1/1
    36 | D:1      | Reached skill level 3 in Axes
    85 | D:1      | Reached skill level 4 in Axes
    85 | D:1      | Reached XP level 2. HP: 5/26 MP: 2/2
   443 | D:1      | Reached XP level 3. HP: 31/31 MP: 3/3
  1211 | D:2      | Reached skill level 5 in Axes
  1532 | D:2      | Reached XP level 4. HP: 38/39 MP: 4/4
  1722 | D:2      | Noticed Natasha
  1733 | D:2      | Killed Natasha
  1734 | D:2      | Reached skill level 6 in Axes
  2051 | D:3      | Found Voecw's Armour Shoppe.
  2255 | D:3      | Noticed Terence
  2263 | D:3      | Killed Terence
  2377 | D:3      | Bought a +0 pair of gloves for 45 gold pieces
  2562 | D:4      | Noticed a scorpion
  2574 | D:4      | Killed a scorpion
  2575 | D:4      | Reached skill level 7 in Axes
  2575 | D:4      | Reached XP level 5. HP: 28/45 MP: 3/5
  2834 | D:4      | Noticed a black bear
  2840 | D:4      | Killed a black bear
  2841 | D:4      | Reached skill level 8 in Axes
  2841 | D:4      | Reached XP level 6. HP: 51/51 MP: 6/6
  2980 | D:4      | Found a runed translucent gate.
  2983 | D:4      | Found a runed translucent gate.
  2984 | D:4      | Found a runed translucent gate.
  2985 | D:4      | Noticed diceflayer's ghost (novice DsGl)
  2985 | D:4      | Noticed Killmatronix's ghost (novice TrWn)
  3055 | D:4      | Reached skill level 9 in Axes
  3464 | D:5      | Entered Level 5 of the Dungeon
  3629 | D:5      | Found a staircase to the Ecumenical Temple.
  3658 | D:5      | Reached XP level 7. HP: 28/57 MP: 5/7
  3760 | Temple   | Entered the Ecumenical Temple
  4104 | D:5      | Reached skill level 10 in Axes
  4412 | Temple   | Became a worshipper of Warmaster Okawaru
  4488 | D:5      | Found a runed translucent door.
  4765 | D:5      | Noticed NimIero's ghost (amateur FoEE)
  4948 | D:5      | Reached skill level 11 in Axes
  5317 | D:3      | Bought a +0 plate armour for 230 gold pieces
  5446 | D:6      | Reached XP level 8. HP: 57/64 MP: 6/8
  5523 | D:6      | Found a radiant altar of Vehumet.
  5586 | D:6      | Reached * piety under Okawaru
  5589 | D:6      | Reached skill level 12 in Axes
  6192 | D:6      | Reached skill level 1 in Throwing
  6192 | D:6      | Reached skill level 1 in Dodging
  6376 | D:6      | Reached ** piety under Okawaru
  6410 | D:7      | Reached XP level 9. HP: 39/72 MP: 6/9
  6860 | D:7      | Noticed Maggie
  6877 | D:7      | Killed Maggie
  6878 | D:7      | Reached skill level 5 in Fighting
  6878 | D:7      | Reached skill level 13 in Axes
  7033 | D:7      | Found the +18 Lear's hauberk
  7034 | D:7      | Noticed a troll
  7044 | D:7      | Killed a troll
  7044 | D:7      | Reached *** piety under Okawaru
  7151 | D:7      | Reached skill level 5 in Shields
  7298 | D:8      | Reached skill level 5 in Armour
  7482 | D:8      | Found a sparkling altar of Nemelex Xobeh.
  7549 | D:8      | Found a sand-covered staircase.
  7557 | Ossuary  | Entered an ossuary
  7962 | Ossuary  | Identified a scroll of acquirement
  7962 | Ossuary  | Acquired a +1 broad axe of electrocution
  8011 | D:8      | Reached skill level 1 in Invocations
  8039 | D:8      | Found a glowing silver altar of Zin.
  8180 | D:9      | Found an ornate altar of the Wu Jian Council.
  8226 | D:9      | Found a staircase to the Orcish Mines.
  8232 | D:9      | Reached XP level 10. HP: 83/83 MP: 9/11
  8451 | D:9      | Noticed a two-headed ogre
  8463 | D:9      | Killed a two-headed ogre
  8463 | D:9      | Reached **** piety under Okawaru
  8464 | D:9      | Reached skill level 14 in Axes
  8467 | D:9      | Noticed a cyan ugly thing
  8474 | D:9      | Noticed a green ugly thing
  8477 | D:9      | Noticed a five-headed hydra
  8478 | D:9      | Killed a green ugly thing
  8487 | D:9      | Killed a cyan ugly thing
  8494 | D:9      | Killed a seven-headed hydra
  8511 | D:9      | Noticed a two-headed ogre
  8522 | D:9      | Killed a two-headed ogre
  8522 | D:9      | Received a gift from Okawaru
  8523 | D:9      | Reached XP level 11. HP: 39/92 MP: 3/14
  8533 | D:9      | Reached ***** piety under Okawaru
  8650 | D:9      | Identified the ring "Zidduop" {rN++ Str+4 Int+6}
  8795 | D:9      | Found a stormy altar of Qazlal.
  8797 | D:9      | Found a shimmering altar of Xom.
  8892 | D:9      | Found an opulent altar of Gozag.
  9065 | D:10     | Entered Level 10 of the Dungeon
  9087 | D:10     | Received a gift from Okawaru
  9183 | D:10     | Reached skill level 15 in Axes
  9205 | D:10     | Reached skill level 5 in Invocations
  9232 | D:10     | Received a gift from Okawaru
  9594 | D:10     | Noticed Erica
  9600 | D:10     | Killed Erica
  9601 | D:10     | Reached skill level 5 in Throwing
  9863 | D:10     | Noticed Josephine
  9878 | D:10     | Killed Josephine
 10533 | D:11     | Reached skill level 5 in Dodging
 10543 | D:11     | Noticed a skeletal warrior
 10546 | D:11     | Received a gift from Okawaru
 10556 | D:11     | Noticed a skeletal warrior
 10557 | D:11     | Killed a skeletal warrior
 10563 | D:11     | Noticed a skeletal warrior
 10572 | D:11     | Killed a skeletal warrior
 10573 | D:11     | Reached XP level 12. HP: 103/103 MP: 10/16
 10577 | D:11     | Reached skill level 16 in Axes
 10602 | D:11     | Found a staircase to the Lair.
 10652 | D:11     | Identified the +8 chain mail of Hysteria {Rampage rElec rF-
                  | rC+ Int+4}
 10978 | D:11     | Found a glowing golden altar of the Shining One.
 11211 | Lair:1   | Entered Level 1 of the Lair of Beasts
 11329 | Lair:1   | Noticed Nergalle
 11343 | Lair:1   | Killed Nergalle
 11671 | Lair:1   | Noticed Harold
 11687 | Lair:1   | Killed Harold
 12048 | Lair:1   | Identified the +4 chain mail of Dawn {rElec rC- rCorr
                  | Int+2} (Okawaru gifted it to you on level 1 of the Lair of
                  | Beasts)
 12048 | Lair:1   | Received a gift from Okawaru
 12511 | Lair:2   | Noticed a five-headed hydra
 12519 | Lair:2   | Killed a one-headed hydra
 12665 | Lair:2   | Noticed a skyshark
 12682 | Lair:2   | Killed a skyshark
 12924 | Lair:2   | Noticed a catoblepas
 12948 | Lair:2   | Killed a catoblepas
 13041 | Lair:2   | Reached skill level 17 in Axes
 13299 | Lair:2   | Found a hole to the Spider Nest.
 13330 | Lair:2   | Reached XP level 13. HP: 111/112 MP: 19/19
 13433 | Lair:2   | HP: 1/113 [five-headed hydra (7)]
 13512 | Lair:2   | Found a staircase to the Swamp.
 13835 | Lair:2   | Identified the +0 hat of Repulsion {rElec rF++ Slay+2 SInv}
                  | (Okawaru gifted it to you on level 2 of the Lair of Beasts)
 13835 | Lair:2   | Received a gift from Okawaru
 13836 | Lair:2   | Reached skill level 10 in Fighting
 14315 | Lair:3   | Noticed Amaemon
 14332 | Lair:3   | Killed Amaemon
 15582 | Lair:4   | Reached skill level 18 in Axes
 16027 | Lair:4   | Found a viscous altar of Jiyva.
 16027 | Lair:4   | Found a staircase to the Slime Pits.
 16516 | Lair:5   | Entered Level 5 of the Lair of Beasts
 16745 | Lair:5   | Reached skill level 10 in Invocations
 16846 | Lair:5   | Received a gift from Okawaru
 16847 | Lair:5   | Reached skill level 10 in Armour
 16847 | Lair:5   | Reached XP level 14. HP: 111/124 MP: 15/21
 17639 | Lair:5   | Reached ****** piety under Okawaru
 17783 | Lair:5   | Noticed Kirke
 17801 | Lair:5   | Killed Kirke
 17819 | Lair:5   | Found a large runed translucent door.
 17819 | Lair:5   | Found a large runed translucent door.
 18605 | Lair:5   | Received a gift from Okawaru
 18960 | Orc:1    | Entered Level 1 of the Orcish Mines
 18983 | Orc:1    | Found Hofux's Jewellery Shop.
 19205 | Orc:1    | Found a roughly hewn altar of Beogh.
 19299 | Orc:2    | Entered Level 2 of the Orcish Mines
 19402 | Orc:2    | Noticed an orc warlord
 19410 | Orc:2    | Found a roughly hewn altar of Beogh.
 19410 | Orc:2    | Noticed Blork the orc
 19415 | Orc:2    | Killed an orc warlord
 19443 | Orc:2    | Killed Blork the orc
 19516 | Orc:2    | Found Vanacul's Antique Armour Shop.
 19523 | Orc:2    | Found Zisocs's General Store.
 19924 | Orc:2    | Found Isuxaal's Antique Weapon Shop.
 19940 | Orc:2    | Found Qeownim's Book Shop.
 20191 | Orc:2    | Noticed an orc warlord
 20212 | Orc:2    | Killed an orc warlord
 20352 | Orc:2    | Found a staircase to the Elven Halls.
 21272 | D:12     | Reached XP level 15. HP: 134/134 MP: 21/23
 21308 | D:12     | Reached skill level 1 in Evocations
 21693 | D:12     | Identified the ring of the Ladybird {MP+9 Dex+4 SInv
                  | Stlth+}
 21870 | D:12     | Found a portal to a secret trove of treasure.
 22088 | D:13     | Received a gift from Okawaru
 22212 | D:13     | Identified the +4 crystal plate armour of Panentheism
                  | {Str-4 Dex+7} (Okawaru gifted it to you on level 13 of the
                  | Dungeon)
 22212 | D:13     | Received a gift from Okawaru
 22890 | D:13     | Paralysed by an ogre mage for 2 turns
 23234 | D:13     | Identified the +6 chain mail of the Cockroach {rElec}
 23491 | D:14     | Reached skill level 19 in Axes
 23671 | D:14     | Identified the +3 quarterstaff of the Illusory Demons
                  | {speed, Will- rCorr Dex+6 SInv}
 23857 | D:14     | Found a gate to the Vaults.
 23965 | D:14     | Found a runed translucent gate.
 23966 | D:14     | Found a runed translucent gate.
 23969 | D:14     | Found a runed translucent gate.
 23976 | D:14     | Noticed Ytheofip's ghost (journeyman FoFi)
 24488 | D:15     | Entered Level 15 of the Dungeon
 24625 | D:15     | Reached XP level 16. HP: 124/144 MP: 24/25
 24894 | D:15     | Received a gift from Okawaru
 24995 | D:15     | Found a staircase to the Depths.
 25025 | D:15     | HP: 7/144 [poisoned by an emperor scorpion]
 25796 | D:15     | Found a broken altar of Ashenzari.
 26095 | Orc:1    | Bought a ring of poison resistance for 260 gold pieces
 26141 | Orc:2    | Bought a book of Displacement for 286 gold pieces
 26144 | Orc:2    | Learned a level 2 spell: Lesser Beckoning
 26354 | Swamp:1  | Entered Level 1 of the Swamp
 26561 | Swamp:1  | Reached skill level 10 in Throwing
 26694 | Swamp:1  | Reached skill level 1 in Translocations
 26743 | Swamp:1  | Noticed a fenstrider witch
 26749 | Swamp:1  | Received a gift from Okawaru
 26752 | Swamp:1  | Paralysed by a fenstrider witch for 5 turns
 26756 | Swamp:1  | HP: 7/144 [??? (4)]
 26756 | Swamp:1  | Killed from afar by a fenstrider witch

Illustrated notes

Levels and vault maps discovered:
D:1:      psy_arrival_statuary, layout_basic, st_stairs_14
D:2:      layout_basic, minmay_fountain_box, uniq_natasha
D:3:      layout_basic, serial_shops, nicolae_shop_crystal, uniq_terence
D:4:      layout_loops_ring, gammafunk_ghost_cemetery
D:5:      layout_layer_cave, minmay_temple_entry_drinking_statues,
          ebering_ghost_sewer_d
D:6:      layout_basic, nicolae_vehumet_altar_sigil, reono_crystal_passage
D:7:      layout_cave_pools, hellmonk_guarded_unrand_lears, uniq_maggie
D:8:      layout_rooms, mainiacjoe_overflow_catwalk,
          mainiacjoe_overflow_alcove_2, nicolae_ossuary_entry_plus
D:9:      layout_rooms, nicolae_gozag_cash_rules_everything_around_me,
          nzn_wu_jian_council_hall, jmf_multi_god_temple, orc_0_dummy,
          minmay_pinched_square
D:10:     layout_loops_corners, serial_undead, serial_undead_b, serial_undead_a,
          serial_undead_f, serial_undead_e, uniq_erica, uniq_josephine
D:11:     layout_basic, hellmonk_lair_entry_icy, nicolae_tso_swordbearing_angel
D:12:     layout_roguey [special_room_bee], serial_corexii_hall,
          chequers_hall_statues_corner_a, chequers_hall_statues_wall_a,
          enter_trove_0
D:13:     minmay_dotted_concentric_squares, layout_rooms
D:14:     layout_cross, grunt_vaults_entry_fortified,
          wad_floor_pattern_untrapped, maelrawn_ghost_gauntlet_escape,
          st_stairs_8
D:15:     hangedman_depths_entry_try_elsewhere_first, layout_cave_pools,
          nicolae_ashenzari_skybound
Temple:   nicolae_temple_bog_church
Lair:1:   layout_cave_pods, nicolae_lair_grove_arrangements, lemuel_fruit_tree,
          uniq_harold, uniq_nergalle
Lair:2:   layout_long_grid, palyth_hydra_swamp_entry,
          spider_nest_entry_web_field, st_stairs_6
Lair:3:   layout_regular_city, chequers_serial_rivers_micro_e, uniq_amaemon
Lair:4:   layout_layer_cave, dpeg_slime_entry_enclosed, st_stairs_6,
          grunt_forest_small_clearings
Lair:5:   cheibrodos_lair_end_hotspot, layout_regular_city,
          guppyfry_lair_drakes, uniq_kirke
Swamp:1:  layout_basic_swamp, hangedman_swamp_pad, cheibrodos_swamp_pet_leeches
Orc:1:    layout_diamond_mine, basic_altar, serial_shops, nicolae_shop_crystal
Orc:2:    grunt_orc_cross, layout_diamond_mine

Skill      XL: |  1  2  3  4  5  6  7  8  9 10 11 12 13 14 15 16 |
---------------+-------------------------------------------------+-----
Axes           | 4 5 7 8 9 11 12 13 14 15 17 18 19 | 19.8
Fighting       | 4 6 7 8 9 11 12 13 | 13.5
Throwing       | 2 3 4 5 6 7 9 10 | 10.0
Dodging        | 1 3 4 5 6 7 8 9 |  9.1
Armour         | 4 5 6 7 8 10 11 12 | 12.2
Shields        | 4 5 6 |  6.6
Invocations    | 1 4 6 8 10 11 12 13 | 13.0
Evocations     | 3 4 |  4.4
Translocations | 1 |  1.3
Spellcasting   | |  0.7

Action                     |  1- 3 |  4- 6 |  7- 9 | 10-12 | 13-15 | 16-18 || total
---------------------------+-------+-------+-------+-------+-------+-------++-------
  Melee: War axe           |    83 |    92 |   237 |     4 |    46 |     7 ||   469
         Broad axe         |       |       |    23 |    82 |       |       ||   105
         Morningstar       |       |       |       |     2 |       |       ||     2
         Battleaxe         |       |       |       |   328 |   859 |   134 ||  1321
  Throw: Boomerang         |       |    17 |    27 |    41 |   151 |    13 ||   249
         Dart              |       |       |       |       |     3 |       ||     3
 Invoke: Heroism           |       |       |     3 |     7 |    15 |     4 ||    29
         Finesse           |       |       |       |     2 |     6 |     1 ||     9
  Evoke: Wand              |       |       |     1 |     1 |     1 |       ||     3
         Condenser vane    |       |       |       |       |     1 |       ||     1
    Use: Scroll            |     3 |     9 |     7 |    11 |     4 |     1 ||    35
         Potion            |       |       |       |     2 |     3 |     1 ||     6
   Stab: Petrified         |       |       |       |       |     4 |       ||     4
         Held in net/web   |       |       |       |       |     2 |       ||     2
         Petrifying        |       |       |       |       |     1 |       ||     1
         Distracted        |       |       |       |       |     1 |       ||     1
 Armour: Scale mail        |    31 |    47 |    32 |       |       |       ||   110
         Plate armour      |       |       |    63 |       |       |       ||    63
         Chain mail        |       |       |    54 |   311 |   604 |    95 ||  1064
  Dodge: Dodged            |    38 |    32 |    91 |   230 |   581 |    88 ||  1060
  Block: Buckler           |    24 |    16 |    45 |    33 |       |       ||   118
         Other             |       |       |       |       |       |     6 ||     6
